 Dungeon Crawl Stone Soup version 0.21.1-1-g345015f (webtiles) character file.

6881 unrecovered the Fighter (level 11, -2/87 HPs)
             Began as a Human Berserker on July 6, 2018.
             Was a High Priest of Trog.
             Slain by a troll (7 damage)
             ... on level 10 of the Dungeon.
             The game lasted 00:20:56 (8210 turns).

unrecovered the Fighter (Human Berserker)           Turns: 8210, Time: 00:20:56

Health: -2/87      AC:  9    Str: 21    XL:     11   Next: 26%
Magic:  0/6        EV: 14    Int:  7    God:    Trog [*****.]
Gold:   511        SH:  0    Dex: 13    Spells: 10/10 levels left

rFire    . . .     SeeInvis .   E - +8 Wrath of Trog {antimagic, *Rage}
rCold    . . .     Gourm    .   (shield currently unavailable)
rNeg     . . .     Faith    .   m - +0 scale mail
rPois    +         Spirit   +   o - +0 helmet
rElec    .         Reflect  .   (no cloak)
rCorr    .         Harm     .   (no gloves)
MR       ++...     Rnd*Rage +   (no boots)
Stlth    ..........             v - amulet of guardian spirit
HPRegen  1.24/turn              f - ring of poison resistance
MPRegen  0.10/turn              n - ring of magical power

@: berserk cooldown, very slightly contaminated, regenerating, slowed, very slow
A: no striking features
a: Berserk, Trog's Hand, Brothers in Arms, Burn Spellbooks, Renounce Religion


You were on level 10 of the Dungeon.
You worshipped Trog.
Trog was extremely pleased with you.
You were not hungry.

You visited 1 branch of the dungeon, and saw 10 of its levels.

You collected 511 gold pieces.

Inventory:

Hand Weapons
 j - a +2 hand axe of flaming
 s - a +2 war axe of chopping
 E - the +8 Wrath of Trog (weapon) {antimagic, *Rage}
   (You found it on level 8 of the Dungeon)

   It reduces the magical energy of the wielder, and disrupts the spells and
   magical abilities of those hit.
   Natural abilities and divine invocations are not affected.
   It may make you go berserk in combat.
Missiles
 A - a throwing net (quivered)
Armour
 m - a +0 scale mail (worn)
 o - a +0 helmet (worn)
 D - a +2 buckler
 F - a +0 chain mail
Jewellery
 f - a ring of poison resistance (left hand)
 n - a ring of magical power (right hand)
 v - an amulet of guardian spirit (around neck)
 H - an uncursed ring of protection from cold {unknown}
Wands
 a - a wand of flame (48)
 z - a wand of polymorph (17)
 C - a wand of random effects (29)
Scrolls
 e - a scroll of acquirement {unknown}
 i - 3 scrolls of fear
 l - 5 scrolls of remove curse
 p - a scroll of fog {unknown}
 t - 4 scrolls of teleportation
 u - 2 scrolls of enchant armour {unknown}
 y - 2 scrolls of blinking
 J - a scroll of holy word {unknown}
Potions
 b - 2 potions of might
 d - 2 potions of brilliance
 g - a potion of ambrosia {unknown}
 h - a potion of curing
 k - 4 potions of flight
 q - a potion of lignification {unknown}
 r - 2 potions of haste {unknown}
 w - a potion of mutation {unknown}
 x - a potion of degeneration {unknown}
 G - 2 potions of resistance {unknown}
Books
 B - a book of Cantrips

   Spells                             Type                      Level
   a - Confusing Touch                Hexes                        1
   b - Animate Skeleton               Necromancy                   1
   c - Summon Small Mammal            Summoning                    1
   d - Apportation                    Translocation                1
   Trog disapproves of the use of such an item.
Comestibles
 c - 13 rations


   Skills:
 + Level 8.6 Fighting
 + Level 8.6 Axes
 + Level 8.3 Armour
 + Level 8.3 Dodging
 - Level 4.1 Shields


You had 10 spell levels left.
You didn't know any spells.

Dungeon Overview and Level Annotations

Branches:
Dungeon (10/15)            Temple (0/1) D:4            Lair (0/6) D:8
    Orc (0/2) D:9

Altars:
Nemelex Xobeh
Ru
Sif Muna

Shops:
D:5 %   D:9 (


Message History

You feel somewhat more hungry.
You feel sick.
It was a potion of curing.
You feel better.
You fail to use your ability.
You are no longer corroded.
You fail to use your ability.
Your ogre goes berserk!
You feel quite a bit more hungry. The troll bites you.
* * * LOW HITPOINT WARNING * * *
The troll misses you. The troll closely misses you. The iguana bites your ogre.
Your ogre barely misses the troll.
You hit the troll.
The troll is lightly wounded.
Your ogre hits the troll with a giant club!
The troll bites you but does no damage. The troll claws you!
* * * LOW HITPOINT WARNING * * *
The troll barely misses you. The iguana bites your ogre!
Your ogre closely misses the troll.
The troll bites you!
* * * LOW HITPOINT WARNING * * *
The troll claws you but does no damage. The troll claws you!
You die...

#################################
.................................
######################...........
# #..#########
######################..#########
.................................
..............OT@................
######.......l...........########
#(....T...#####.######...#
..###.###..# #.. #...# .##
#...##..# ##.# #...# ##### ##
#)#..##... .. #.... ..... #
..##l.##### ##. ..... ..... #...
...# . ..... .... o.# . .....


You could see a troll, an iguana and a friendly ogre (berserk).

Vanquished Creatures
  The ghost of FallenXxXSky the Severer, a novice HOMo (D:9)
  Pikel (D:9)
  A centaur zombie (D:10)
  Joseph (D:8)
  A gargoyle (D:10)
  A meliai (D:10)
  Grinder (D:6)
  A hornet (D:9)
  A hippogriff (D:9)
  Sigmund (D:2)
  Menkaure (D:5)
  An acid dragon (D:10)
  Duvessa (D:6)
  A water moccasin (D:9)
  2 orc warriors
  4 ice beasts
  3 slaves (D:9)
  3 sky beasts
  3 ogres
  4 phantoms
  3 centaurs
  A big kobold (D:9)
  2 bullfrogs
  A gnoll sergeant (D:9)
  A water moccasin zombie (D:7)
  Dowan (D:6)
  A scorpion (D:4)
  5 killer bees
  2 wights (D:6)
  4 howler monkeys
  2 electric eels (D:4)
  3 crimson imps
  3 hounds
  3 orc wizards
  A centaur skeleton (D:9)
  2 orc priests
  A jelly (D:8)
  Terence (D:2)
  3 iguanas
  6 worker ants
  A hound zombie (D:7)
  7 adders
  4 gnolls (D:9)
  2 shadow imps
  2 adder skeletons
  A worm (D:2)
  2 dart slugs
  5 leopard geckos
  29 orcs
  7 giant cockroaches
  7 goblins
  3 hobgoblins (D:1)
  14 jackals
  9 kobolds
  4 quokkas
  3 ball pythons (D:2)
  10 bats
  6 frilled lizards
  A giant cockroach zombie (D:5)
  3 leopard gecko skeletons
  2 leopard gecko zombies
  8 rats
209 creatures vanquished.

Notes
Turn   | Place    | Note
-------+----------+-------------------------------------------
     0 | D:1      | unrecovered the Human Berserker began the quest for the Orb.
     0 | D:1      | Reached XP level 1. HP: 18/18 MP: 1/1
   127 | D:1      | Reached XP level 2. HP: 14/24 MP: 2/2
   544 | D:1      | Reached XP level 3. HP: 25/29 MP: 3/3
   897 | D:2      | Noticed Sigmund
   908 | D:2      | Killed Sigmund
   908 | D:2      | Reached ** piety under Trog
   908 | D:2      | Reached XP level 4. HP: 37/37 MP: 4/4
   908 | D:2      | Reached XP level 5. HP: 42/42 MP: 5/5
  1162 | D:2      | Noticed Terence
  1166 | D:2      | Reached XP level 6. HP: 48/48 MP: 6/6
  1172 | D:2      | Killed Terence
  2830 | D:3      | Found a deep blue altar of Sif Muna.
  2852 | D:4      | Found a sacrificial altar of Ru.
  2920 | D:4      | Found a transporter.
  2954 | D:4      | Found a transporter.
  2983 | D:4      | Reached XP level 7. HP: 55/55 MP: 7/7
  3083 | D:4      | Reached *** piety under Trog
  3109 | D:4      | Found a staircase to the Ecumenical Temple.
  3203 | D:4      | Reached skill level 5 in Fighting
  3327 | D:5      | Entered Level 5 of the Dungeon
  3380 | D:5      | Reached skill level 5 in Axes
  3394 | D:5      | Reached XP level 8. HP: 53/62 MP: 8/8
  3477 | D:5      | Found Qeemupnu's Food Shoppe.
  3629 | D:5      | Noticed Menkaure
  3632 | D:5      | Killed Menkaure
  3873 | D:6      | Reached skill level 5 in Armour
  3873 | D:6      | Reached skill level 5 in Dodging
  3899 | D:6      | Noticed Grinder
  3913 | D:6      | Killed Grinder
  3913 | D:6      | Reached XP level 9. HP: 30/69 MP: 9/9
  4360 | D:6      | Reached **** piety under Trog
  4421 | D:6      | Noticed Duvessa
  4421 | D:6      | Noticed Dowan
  4427 | D:6      | Killed Duvessa
  4436 | D:6      | Killed Dowan
  5682 | D:8      | Reached XP level 10. HP: 48/79 MP: 10/10
  5685 | D:8      | Reached skill level 1 in Shields
  5835 | D:8      | Found a sparkling altar of Nemelex Xobeh.
  5905 | D:8      | Found the +8 Wrath of Trog {antimagic, *Rage}
  5917 | D:8      | Noticed Joseph
  5932 | D:8      | Killed Joseph
  6099 | D:8      | Found a staircase to the Lair.
  6517 | D:9      | Found a staircase to the Orcish Mines.
  6517 | D:9      | Found Puno's Weapon Emporium.
  6523 | D:9      | Reached ***** piety under Trog
  7109 | D:9      | Noticed Pikel
  7118 | D:9      | Killed Pikel
  7186 | D:9      | Noticed FallenXxXSky's ghost (novice HOMo)
  7200 | D:9      | Killed FallenXxXSky's ghost
  7200 | D:9      | Reached XP level 11. HP: 80/86 MP: 6/11
  7650 | D:10     | Entered Level 10 of the Dungeon
  8198 | D:10     | HP: 6/130 [troll (5)]
  8203 | D:10     | HP: 2/87 [poisoned by a meliai]
  8210 | D:10     | Slain by a troll

Skill      XL: |  1  2  3  4  5  6  7  8  9 10 11 |
---------------+----------------------------------+-----
Fighting       | 4 5 6 7 8 |  8.6
Axes           | 4 5 6 7 8 |  8.6
Armour         | 3 4 5 6 7 8 |  8.3
Dodging        | 3 4 5 6 7 8 |  8.3
Shields        | 3 4 |  4.1

Action                   |  1- 3 |  4- 6 |  7- 9 | 10-12 || total
-------------------------+-------+-------+-------+-------++-------
Melee: Hand axe          |    72 |   114 |    74 |    14 ||   274
       War axe           |       |       |   198 |   160 ||   358
       Battleaxe         |       |       |       |    48 ||    48
Invok: Berserk           |     2 |     1 |       |       ||     3
       Trog's Hand       |       |       |     1 |     1 ||     2
       Brothers in Arms  |       |       |       |     1 ||     1
Evoke: Wand              |       |     1 |     3 |       ||     4
  Use: Scroll            |       |     7 |     4 |     1 ||    12
       Potion            |       |       |       |     1 ||     1
 Stab: Sleeping          |     1 |       |       |       ||     1
  Eat: Ration            |       |     1 |     1 |     1 ||     3
       Chunk             |       |     6 |     6 |     7 ||    19
Armor: Animal skin       |    22 |     5 |       |       ||    27
       Leather armour    |       |    18 |       |       ||    18
       Scale mail        |       |     9 |    82 |    84 ||   175
       Skin              |       |       |       |     2 ||     2
Dodge: Dodged            |    47 |    72 |   201 |   165 ||   485
Block: Buckler           |       |       |    17 |    12 ||    29
